 Dungeon Crawl Stone Soup version 0.24.0-3-g28a8eb0610 (webtiles) character file.

Game seed: 3748799468750174491, levelgen mode: deterministic

133 CovertPenguin the Skirmisher (level 5, -7/28 HPs)
             Began as a Vine Stalker Fighter on Oct 31, 2019.
             Mangled by an ogre
             ... wielding a +0 giant club
              (17 damage)
             ... on level 3 of the Dungeon on Nov 1, 2019.
             The game lasted 00:22:29 (2989 turns).

CovertPenguin the Skirmisher (Vine Stalker Fighter) Turns: 2989, Time: 00:22:30

Health: -7/28      AC:  7    Str: 18    XL:     5   Next: 16%
Magic:  0/6        EV:  7    Int:  8    God:
Gold:   179        SH:  9    Dex: 15    Spells: 4/4 levels left

rFire    . . .     SeeInvis .   n - +2 dagger (holy)
rCold    . . .     Gourm    .   c - +0 shield
rNeg     . . .     Faith    .   b - +0 scale mail
rPois    .         Spirit   +   r - +0 helmet
rElec    .         Reflect  .   (no cloak)
rCorr    .         Harm     .   (no gloves)
MR       .....                  (no boots)
Stlth    ..........             (no amulet)
HPRegen  0.49/turn              (no ring)
MPRegen  0.10/turn              (no ring)

@: no status effects
A: fangs 2, regeneration 1, magic shield, antimagic bite, no potion heal 3, rot
immunity
a: no special abilities


You were on level 3 of the Dungeon.
You were near starving.

You visited 1 branch of the dungeon, and saw 4 of its levels.

You collected 179 gold pieces.

Inventory:

Hand Weapons
 a - a +0 rapier
 n - a +2 dagger of holy wrath (weapon)
Missiles
 e - 95 stones (quivered)
 v - 2 boomerangs
Armour
 b - a +0 scale mail (worn)
 c - a +0 shield (worn)
 h - a +0 leather armour
 r - a +0 helmet (worn)
Jewellery
 g - an uncursed ring of protection from fire {unknown}
Wands
 y - a wand of random effects (17)
Scrolls
 j - a scroll of fog {unknown}
 k - a scroll of enchant armour {unknown}
 p - 3 scrolls of remove curse {unknown}
 s - a scroll of fear {unknown}
 x - 2 scrolls of identify {unknown}
Potions
 d - 2 potions of might
 m - 2 potions of curing {unknown}
 o - a potion of flight {unknown}
 q - a potion of degeneration {unknown}
 t - a potion of haste {unknown}
 u - a potion of mutation {unknown}
 w - a potion of heal wounds {unknown}
Comestibles
 f - 4 rations


   Skills:
 + Level 3.4 Fighting
 * Level 3.3 Short Blades
 - Level 2.6 Armour
 + Level 3.4 Shields


You had 4 spell levels left.
You didn't know any spells.
Your spell library was empty.

Dungeon Overview and Level Annotations

Branches:
Dungeon (4/15)
 Temple: D:4-7

Altars:


Innate Abilities, Weirdness & Mutations

You have extremely sharp teeth.
Your natural rate of healing is unusually fast.
When hurt, damage is shared between your health and your magic reserves.
Your bite disrupts and absorbs the magic of your enemies.
Potions cannot restore your health.
You are immune to rotting.


Message History

The ogre is severely wounded.
You hit the ogre.
The ogre is severely wounded.
The ogre hits you with a +0 giant club!
* * * LOW HITPOINT WARNING * * *
You see here a stone.
You are near starving!
The ogre hits you with a +0 giant club!
* * * LOW HITPOINT WARNING * * *
You see here a stone.
There is a stone staircase leading up here.
You see here a stone.
You hit the ogre. You bite the ogre, but do no damage.
The ogre is severely wounded.
The ogre hits you with a +0 giant club!
You hit the ogre. You bite the ogre. You drain its power.
You feel invigorated.
The ogre is almost dead.
The ogre hits you with a +0 giant club!!
Ouch! That really hurt!
You die...

♣........# #.#
####.########.
...###.#.# #.# #.#
#. ..## #.#.# #.#
#.# #. .## ##.#.#
#(# #.# #.
.####.#..# #.# #.#
#. .....###.# #.#
####.# #.
#####.#.## #.#
#....# #.
#####.##### #O#
#.#### #.
#..<......# #@#
#.# #> #.######..#
#.# #.# #. ##.####
#..# #.# #<# #.
......#
#..#####.###.# #.
......#
#.......(....# #.
##.####
##.#####.#####
##### #.
.#.#######.#####.#
#...# #.
...#.........((..#
#.#.# ##
.###.#####.#.....#
####.#.####


You could see an ogre.

Vanquished Creatures
  An orc priest (D:3)
  4 adders
  A worm (D:2)
  2 leopard geckos (D:3)
  3 orcs (D:3)
  A ball python (D:2)
  4 giant cockroaches
  8 goblins
  8 hobgoblins
  8 jackals (D:1)
  3 kobolds
  A quokka (D:3)
  2 bats
  2 frilled lizards (D:1)
  6 rats
54 creatures vanquished.

Notes
Turn   | Place    | Note
-------+----------+-------------------------------------------
     0 | D:1      | CovertPenguin the Vine Stalker Fighter began the quest for
                  | the Orb.
     0 | D:1      | Reached XP level 1. HP: 11/11 MP: 2/2
    44 | D:1      | Upgraded the game from 0.24.0-2-g5b39cebb1c to
                  | 0.24.0-3-g28a8eb0610
   124 | D:1      | Reached XP level 2. HP: 5/16 MP: 3/3
  1115 | D:2      | Reached XP level 3. HP: 20/20 MP: 4/4
  1675 | D:2      | Gained mutation: Your natural rate of healing is unusually
                  | fast. [Vine Stalker growth]
  1675 | D:2      | Reached XP level 4. HP: 18/24 MP: 5/5
  2157 | D:3      | Found a faded altar of an unknown god.
  2259 | D:3      | Reached XP level 5. HP: 7/28 MP: 2/6
  2804 | D:4      | Noticed an ogre
  2989 | D:3      | Mangled by an ogre

Levels and vault maps discovered:
D:1:      roderic_crossed_star, layout_basic
D:2:      layout_loops_ring
D:3:      layout_loops_ring, chequers_ecumenical_altar_grove,
          minmay_randomly_rotated_circles
D:4:      layout_basic, minmay_temple_entry_ruins

Skill      XL: |  1  2  3  4 |
---------------+-------------+-----
Short Blades   | 2 3 |  3.3
Fighting       | 3 |  3.4
Shields        | 3 |  3.4
Armour         | |  2.6

Action                   |  1- 3 |  4- 6 || total
-------------------------+-------+-------++-------
Melee: Rapier            |    56 |       ||    56
       Bite              |    22 |    29 ||    51
       Dagger            |    57 |    79 ||   136
Throw: Stone             |    11 |     7 ||    18
       Dart              |       |     4 ||     4
       Boomerang         |       |     1 ||     1
  Eat: Chunk             |     2 |     3 ||     5
Armor: Scale mail        |    38 |    34 ||    72
Dodge: Dodged            |    26 |    28 ||    54
Block: Shield            |    46 |    40 ||    86
